 Dungeon Crawl Stone Soup version 0.25-a0-561-g0977b4d109 (webtiles) character file.

Game seed: 11348113566958123723, levelgen mode: deterministic

30 Flugslaktarn the Shield-Bearer (level 3, -1/33 HPs)
             Began as a Minotaur Fighter on Feb 25, 2020.
             Succumbed to a gnoll's poison
             ... on level 2 of the Dungeon.
             The game lasted 00:00:12 (133 turns).

Flugslaktarn the Shield-Bearer (Minotaur Fighter)    Turns: 133, Time: 00:00:12

Health: -1/33      AC:  7    Str: 21    XL:     3   Next: 3%
Magic:  2/2        EV:  7    Int:  5    God:
Gold:   11         SH:  9    Dex:  9    Spells: 2/2 levels left

rFire    . . .     SeeInvis .   a - +0 war axe
rCold    . . .     Gourm    .   c - +0 kite shield
rNeg     . . .     Faith    .   b - +0 scale mail
rPois    .         Spirit   .   (helmet restricted)
rElec    .         Reflect  .   (no cloak)
rCorr    .         Harm     .   (no gloves)
MR       .....                  (no boots)
Stlth    ..........             (no amulet)
HPRegen  0.11/turn              (no ring)
MPRegen  0.08/turn              (no ring)

@: lethally poisoned (-1 -> -53)
A: retaliatory headbutt, horns 2
a: no special abilities


You were on level 2 of the Dungeon.
You were not hungry.

You visited 1 branch of the dungeon, and saw 2 of its levels.

You collected 11 gold pieces.

Inventory:

Hand Weapons
 a - a +0 war axe (weapon)
Armour
 b - a +0 scale mail (worn)
 c - a +0 kite shield (worn)
Scrolls
 g - a scroll of remove curse {unknown}
 h - a scroll of magic mapping {unknown}
 i - a scroll of identify {unknown}
 k - 2 scrolls of teleportation {unknown}
Potions
 d - 4 potions of might
 j - a potion of lignification {unknown}
Comestibles
 e - a ration
 f - 5 chunks of flesh


   Skills:
 + Level 3.9 Fighting
 * Level 3.2 Axes
 + Level 4.0 Armour
 + Level 4.0 Shields


You had 2 spell levels left.
You didn't know any spells.
Your spell library was empty.

Dungeon Overview and Level Annotations

Branches:
Dungeon (2/15)

Altars:


Innate Abilities, Weirdness & Mutations

You reflexively headbutt those who attack you in melee.
You have a pair of horns on your head.


Message History

You feel sick. The bat completely misses you.
The gnoll hits you with a +0 whip of venom!
* * * LOW HITPOINT WARNING * * *
You are more poisoned.
The goblin misses you. The rat closely misses you. You furiously retaliate!
You headbutt the rat.
You kill the rat!
You have reached level 3!
Your experience leads to an increase in your attributes!
Increase (S)trength, (I)ntelligence, or (D)exterity?
You feel stronger.
The gnoll hits you with a +0 whip of venom.
* * * LOW HITPOINT WARNING * * *
You are more poisoned.
Your shield and scale mail prevent you from hitting the gnoll.
The gnoll is almost dead.
You hit the goblin.
You kill the goblin!
Your Armour skill increases to level 4!
You die...

#........ #........
##....... ##### ##
#......< ..$## #.
#..(.... #..## #.
#....... #...###
#.####.......
#..†.##.#.#.......##.
#.w)@..............<>
#†##g.#####..........÷
..# #...##
#....######. #...
#.##.b###....#####..
...# ..#
#.........+...... #..#
#.. #.##..##...####.#.
..# ## ..# #^.##...#
#... .# #.. #..##...#
###. ## ...###### #.


You could see a worm, a gnoll and a bat.

Vanquished Creatures
  An adder (D:2)
  A dart slug (D:2)
  A leopard gecko (D:2)
  A giant cockroach (D:2)
  A goblin (D:2)
  A hobgoblin (D:1)
  2 jackals (D:1)
  2 bats (D:2)
  3 kobolds (D:1)
  5 rats
18 creatures vanquished.

Notes
Turn   | Place    | Note
-------+----------+-------------------------------------------
     0 | D:1      | Flugslaktarn the Minotaur Fighter began the quest for the
                  | Orb.
     0 | D:1      | Reached XP level 1. HP: 19/19 MP: 0/0
    28 | D:1      | Reached XP level 2. HP: 27/27 MP: 1/1
   132 | D:2      | Reached XP level 3. HP: 7/33 MP: 2/2
   133 | D:2      | Succumbed to a gnoll's poison

Levels and vault maps discovered:
D:1:      dpeg_arrival_long_road, layout_rooms, minmay_bisected
D:2:      minmay_general_purpose_star, layout_basic, minmay_misc_feat_roman,
          minmay_vboxes

Skill      XL: |  1  2  3 |
---------------+----------+-----
Axes           | 3 |  3.2
Shields        | 4 |  4.0
Armour         | 4 |  4.0
Fighting       | |  3.9

Action                   || total
-------------------------++-------
Melee: War axe           ||    41
       Headbutt          ||     3
Armor: Scale mail        ||    33
Dodge: Dodged            ||    17
Block: Kite shield       ||    24

Table legend:
 A = Non-vault XP
 B = Vault XP
 C = Vault XP percentage of total XP
 D = Non-vault monster count
 E = Vault monster count
 F = Vault count percentage of total count
                 A         B        C        D         E       F
            +---------+---------+-------+---------+---------+-------
      Total |      36 |       7 |  16.3 |      14 |       4 |  22.2
            +---------+---------+-------+---------+---------+-------
        D:1 |      12 |       0 |   0.0 |       7 |       0 |   0.0
        D:2 |      24 |       7 |  22.6 |       7 |       4 |  36.4
            +---------+---------+-------+---------+---------+-------
